 Dungeon Crawl Stone Soup version 0.22-b1-26-g9dbaab1 (webtiles) character file.

11020 zishaf the Transmogrifier (level 11, -1/58 HPs)
             Began as a Vine Stalker Transmuter on Aug 7, 2018.
             Was an Elder of Makhleb.
             Slain by a six-headed hydra (4 damage)
             ... on level 10 of the Dungeon.
             The game lasted 00:35:01 (10404 turns).

zishaf the Transmogrifier (VSTm)                   Turns: 10404, Time: 00:35:01

Health: -1/58      AC:  8    Str: 16    XL:     11   Next: 71%
Magic:  0/24       EV: 14    Int: 13    God:    Makhleb [****..]
Gold:   832        SH:  0    Dex: 15    Spells: 8/14 levels left

rFire    + . .     SeeInvis .     - Unarmed
rCold    . . .     Gourm    .   (no shield)
rNeg     . . .     Faith    .   M - +1 ring mail of Vudghoele {rPois Stlth+}
rPois    +         Spirit   +   (no helmet)
rElec    .         Reflect  .   (no cloak)
rCorr    .         Harm     .   h - +0 pair of gloves
MR       +....                  F - +0 pair of boots
Stlth    +++.......             (no amulet)
HPRegen  0.59/turn              i - ring of protection from fire
MPRegen  0.19/turn              u - ring of magical power

@: lethally poisoned (-1 -> -1), hasted, drained, very quick
A: fangs 3, talons 1, mutation resistance 1, regeneration 1, magic shield,
antimagic bite, no potion heal 3, rot immunity
a: Minor Destruction, Lesser Servant of Makhleb, Major Destruction, Renounce
Religion


You were on level 10 of the Dungeon.
You worshipped Makhleb.
Makhleb was greatly pleased with you.
You were not hungry.

You visited 2 branches of the dungeon, and saw 12 of its levels.

You collected 832 gold pieces.

Inventory:

Hand Weapons
 a - a +0 hunting sling
 A - the +1 great sword of Imminent Death {holy, rF+ Stlth+}
   (You found it on level 4 of the Dungeon)

   It has been blessed by the Shining One to cause great damage to the undead
   and demons.
   It protects you from fire.
   It makes you more stealthy.
Missiles
 m - 302 stones (quivered)
 w - 2 poisoned javelins
 L - 23 sling bullets
 P - 44 arrows
Armour
 h - a +0 pair of gloves (worn)
 o - a +0 helmet
 F - a +0 pair of boots (worn)
 M - the +1 ring mail of Vudghoele (worn) {rPois Stlth+}
   (You found it on level 8 of the Dungeon)

   It protects you from poison.
   It makes you more stealthy.
Jewellery
 i - a ring of protection from fire (left hand)
 l - an uncursed amulet of harm
 u - a ring of magical power (right hand)
 C - a +3 ring of strength
 N - an uncursed ring of protection from cold
Wands
 y - a wand of iceblast (9)
 B - a wand of enslavement (12)
 J - a wand of flame (6)
Scrolls
 e - 2 scrolls of magic mapping
 g - 3 scrolls of enchant weapon {unknown}
 j - 3 scrolls of enchant armour {unknown}
 k - 3 scrolls of blinking {unknown}
 n - 2 scrolls of fear {unknown}
 s - 2 scrolls of amnesia {unknown}
 v - 2 scrolls of teleportation
 x - 4 scrolls of fog
 z - 2 scrolls of random uselessness {unknown}
 H - 4 scrolls of remove curse
Potions
 c - a potion of curing
 f - 2 potions of might
 p - a potion of haste
 E - 3 potions of ambrosia
 G - a potion of brilliance
 I - 2 potions of resistance
 K - 2 potions of lignification
Comestibles
 b - a chunk of flesh
 d - 15 rations


   Skills:
 + Level 6.9(6.2) Fighting
 - Level 2.0(1.4) Armour
 + Level 6.1(5.5) Dodging
 - Level 4.0(3.4) Stealth
 * Level 10.4(9.7) Unarmed Combat
 - Level 2.1(1.6) Spellcasting
 * Level 10.5(9.8) Transmutations
 + Level 0.3(0.0) Invocations


You had 8 spell levels left.
You knew the following spells:

 Your Spells              Type           Power        Failure   Level  Hunger
a - Beastly Appendage     Tmut           ####..       1%          1    ##.....
b - Blade Hands           Tmut           ####......   24%         5    ######.

Your spell library contained the following spells:

 Spells                   Type           Power        Failure   Level  Hunger
 Magic Dart               Conj           #...         45%         1    ##.....
 Conjure Flame            Conj/Fire      #.......     83%         3    ####...
 Slow                     Hex            #.......     58%         2    ###....
 Controlled Blink         Tloc           N/A          100%        8    #######
 Mephitic Cloud           Conj/Pois/Air  #.......     83%         3    ####...
 Venom Bolt               Conj/Pois      #.........   100%        5    ######.
 Olgreb's Toxic Radiance  Pois           #.......     99%         4    #####..
 Blink                    Tloc           N/A          58%         2    ###....
 Iskenderun's Mystic Bla  Conj           #.......     99%         4    #####..
 Call Imp                 Summ           #.......     58%         2    ###....
 Sting                    Conj/Pois      #...         45%         1    ##.....
 Stone Arrow              Conj/Erth      #.....       83%         3    ####...
 Spider Form              Tmut/Pois      ##........   19%         3    ####...
 Ice Form                 Ice/Tmut       ##......     54%         4    #####..
 Passwall                 Tmut/Erth      ##......     10%         2    ###....
 Sticks to Snakes         Tmut           ####....     1%          2    ###....
 Dispersal                Tloc           #.........   100%        6    #######
 Lee's Rapid Deconstruct  Erth           #.........   100%        5    ######.
 Sandblast                Erth           #.....       45%         1    ##.....
 Portal Projectile        Hex/Tloc       #.....       83%         3    ####...
 Petrify                  Tmut/Erth      ##......     54%         4    #####..
 Disjunction              Tloc           #.........   100%        8    #######
 Fulminant Prism          Conj/Hex       #.........   99%         4    #####..
 Dazzling Spray           Conj/Hex       #.....       83%         3    ####...
 Force Lance              Conj/Tloc      #.......     99%         4    #####..
 Searing Ray              Conj           #.....       58%         2    ###....
 Gell's Gravitas          Tloc           #.........   83%         3    ####...
 Poisonous Vapours        Pois/Air       #.....       58%         2    ###....


Dungeon Overview and Level Annotations

Branches:
Dungeon (11/15)            Temple (1/1) D:7            Lair (0/6) D:10
    Orc (0/2) D:10

Altars:
Ashenzari
Cheibriados
Dithmenos
Elyvilon
Fedhas
Gozag
Hepliaklqana
Kikubaaqudgha
Makhleb
Nemelex Xobeh
Okawaru
Qazlal
Ru
Sif Muna
Trog
Uskayaw
Vehumet
Wu Jian
Xom
Yredelemnul
Zin
The Shining One

Annotations:
D:10 exclusion: ice statue
D:11 exclusion: hydra


Innate Abilities, Weirdness & Mutations

You have razor-sharp teeth.
Your natural rate of healing is unusually fast.
When hurt, damage is shared between your health and your magic reserves.
Your bite disrupts and absorbs the magic of your enemies.
Potions cannot restore your health.
You are immune to rotting.
You have sharp toenails.
You are somewhat resistant to further mutation.


Message History

You feel sick. The six-headed hydra bites you.
* * * LOW HITPOINT WARNING * * *
The six-headed hydra closely misses you.
The six-headed hydra misses you.
The six-headed hydra closely misses you.
The six-headed hydra barely misses you.
The six-headed hydra completely misses you.
You climb upwards.
Level annotation: exclusion: ice statue
There is a stone staircase leading down, spattered with blood here.
You feel yourself speed up. The six-headed hydra bites you.
* * * LOW HITPOINT WARNING * * *
The six-headed hydra bites you.
* * * LOW HITPOINT WARNING * * *
The six-headed hydra bites you!
* * * LOW HITPOINT WARNING * * *
The six-headed hydra bites you.
* * * LOW HITPOINT WARNING * * *
The six-headed hydra bites you.
You die...

......###.## ########
....##>...# #...<..#
....##.#### #......#
....##.#######......#
....#...##..........#
............##......#
............##..#####
..#.........#.....#
............#..D@.#
..................#
.....#......#.....#
...#........##.####
....######)###.#
...##...#..# #.#
...##.>.#..# #.#
.####...#.####.# ##
##'##..Q...#


You could see a six-headed hydra.

Vanquished Creatures
  Erica (D:9)
  A two-headed ogre (D:8)
  An unseen horror (D:8)
  A manticore (D:7)
  2 centaur zombies
  A troll (D:9)
  Prince Ribbit (D:8)
  5 hippogriffs
  A shadow (D:11)
  2 wyverns
  A centaur simulacrum (D:11)
  A basilisk (D:11)
  2 wraiths (D:11)
  Menkaure (D:6)
  4 water moccasins
  5 orc warriors
  3 ice beasts
  A sky beast (D:7)
  2 necrophages
  An eye of draining (D:9)
  2 phantoms
  7 ogres
  3 centaurs
  A big kobold (D:9)
  6 bullfrogs
  2 scorpions
  A water moccasin skeleton (D:11)
  11 killer bees
  An electric eel (D:6)
  3 howler monkeys
  6 wights
  2 bullfrog zombies (D:5)
  8 crimson imps
  2 quasits
  6 orc priests
  10 hounds
  3 orc wizards
  2 centaur skeletons
  3 bullfrog skeletons
  Jessica (D:3)
  Terence (D:2)
  6 iguanas
  10 worker ants
  2 hound skeletons (D:7)
  A howler monkey zombie (D:6)
  4 worker ant zombies
  Robin (D:2)
  5 gnolls
  A howler monkey skeleton (D:5)
  16 adders
  6 shadow imps
  An ooze (D:1)
  An adder zombie (D:10)
  2 adder skeletons (D:5)
  A worm (D:3)
  2 dart slugs (D:1)
  7 leopard geckos
  37 orcs
  2 ball pythons
  9 bats
  7 giant cockroaches
  14 goblins
  5 hobgoblins
  9 jackals
  10 quokkas
  4 frilled lizards
  20 kobolds
  A leopard gecko zombie (D:7)
  6 rats
308 creatures vanquished.

Notes
Turn   | Place    | Note
-------+----------+-------------------------------------------
     0 | D:1      | zishaf the Vine Stalker Transmuter began the quest for the Orb.
     0 | D:1      | Reached XP level 1. HP: 9/9 MP: 4/4
    18 | D:1      | Reached skill level 1 in Fighting
    29 | D:1      | Reached skill level 1 in Stealth
    29 | D:1      | Reached XP level 2. HP: 10/14 MP: 6/6
   461 | D:1      | Reached XP level 3. HP: 12/18 MP: 4/7
  1110 | D:2      | Noticed Robin
  1179 | D:2      | Killed Robin
  1179 | D:2      | Gained mutation: Your natural rate of healing is unusually fast. [Vine Stalker growth]
  1179 | D:2      | Reached XP level 4. HP: 15/22 MP: 6/8
  1769 | D:2      | Noticed Terence
  1796 | D:2      | Killed Terence
  1796 | D:2      | Reached XP level 5. HP: 26/26 MP: 7/9
  1924 | D:2      | Learned a level 5 spell: Blade Hands
  2215 | D:2      | HP: 1/40 [poisoned by an orc]
  2279 | D:2      | Reached skill level 1 in Armour
  2432 | D:3      | Noticed Jessica
  2436 | D:3      | Killed Jessica
  2436 | D:3      | Reached XP level 6. HP: 30/32 MP: 10/10
  2470 | D:3      | Found a stormy altar of Qazlal.
  3347 | D:4      | Got an encrusted great sword
  3348 | D:4      | Identified the +1 great sword of Imminent Death {holy, rF+ Stlth+} (You found it on level 4 of the Dungeon)
  3432 | D:4      | Noticed a phantom
  3454 | D:4      | Killed a phantom
  3606 | D:5      | Entered Level 5 of the Dungeon
  3620 | D:5      | Reached XP level 7. HP: 35/35 MP: 11/11
  4076 | D:5      | Gained mutation: You have razor-sharp teeth. [Vine Stalker growth]
  4076 | D:5      | Reached XP level 8. HP: 40/40 MP: 12/12
  4090 | D:5      | Reached skill level 5 in Transmutations
  4104 | D:5      | Reached skill level 5 in Unarmed Combat
  4862 | D:6      | Noticed Menkaure
  4875 | D:6      | Killed Menkaure
  4947 | D:5      | Reached XP level 9. HP: 34/45 MP: 13/13
  5718 | D:7      | Found a staircase to the Ecumenical Temple.
  5777 | Temple   | Entered the Ecumenical Temple
  5969 | Temple   | Became a worshipper of Makhleb the Destroyer
  6044 | D:7      | Noticed a manticore
  6054 | D:7      | Killed a manticore
  6342 | D:7      | Reached skill level 5 in Fighting
  6775 | D:8      | Reached XP level 10. HP: 47/51 MP: 14/14
  6787 | D:8      | Reached * piety under Makhleb
  7216 | D:8      | Killed an unseen horror
  7245 | D:8      | Reached skill level 5 in Dodging
  7419 | D:8      | Got a jewelled ring mail
  7430 | D:8      | Identified the +1 ring mail of Vudghoele {rPois Stlth+} (You found it on level 8 of the Dungeon)
  7510 | D:8      | Noticed Prince Ribbit
  7515 | D:8      | Killed Prince Ribbit
  7876 | D:9      | Noticed a two-headed ogre
  7917 | D:8      | Killed a two-headed ogre
  7950 | D:9      | Reached ** piety under Makhleb
  8072 | D:9      | Reached XP level 11. HP: 56/56 MP: 15/15
  8180 | D:9      | Noticed Erica
  8280 | D:9      | Killed Erica
  8626 | D:10     | Entered Level 10 of the Dungeon
  8647 | D:10     | Found a staircase to the Lair.
  8698 | D:10     | Reached skill level 10 in Transmutations
  8896 | D:10     | Reached *** piety under Makhleb
  8956 | D:10     | Reached skill level 10 in Unarmed Combat
  9074 | D:10     | Found a staircase to the Orcish Mines.
  9345 | D:11     | Noticed a cyclops
  9425 | D:11     | Noticed a six-headed hydra
  9685 | D:11     | Gained mutation: Armour fits poorly on your strangely shaped body. [potion of mutation]
  9685 | D:11     | Gained mutation: You are weak. (Str -2) [potion of mutation]
  9685 | D:11     | Gained mutation: You have a pair of small horns on your head. [potion of mutation]
  9686 | D:11     | Lost mutation: You are weak. (Str -2) [potion of mutation]
  9686 | D:11     | Lost mutation: Armour fits poorly on your strangely shaped body. [potion of mutation]
  9686 | D:11     | Lost mutation: You have a pair of small horns on your head. [potion of mutation]
  9686 | D:11     | Gained mutation: You are somewhat resistant to further mutation. [potion of mutation]
  9686 | D:11     | Gained mutation: You have sharp toenails. [potion of mutation]
  9702 | D:11     | Noticed a tengu warrior
 10039 | D:11     | Noticed a green ugly thing
 10040 | D:11     | Reached **** piety under Makhleb
 10404 | D:10     | Slain by a six-headed hydra

Skill      XL: |  1  2  3  4  5  6  7  8  9 10 11 |
---------------+----------------------------------+-----
Fighting       | 1 2 3 4 5 6 |  6.9
Stealth        | 1 2 3 4 |  4.0
Dodging        | 2 3 4 5 6 |  6.1
Transmutations | 3 4 6 8 9 10 | 10.5
Armour         | 1 2 |  2.0
Unarmed Combat | 4 6 7 9 10 | 10.4
Spellcasting   | |  2.1
Invocations    | |  0.3

Action                   |  1- 3 |  4- 6 |  7- 9 | 10-12 || total
-------------------------+-------+-------+-------+-------++-------
Melee: Unarmed           |    94 |   308 |    21 |    44 ||   467
       Bite              |    26 |   100 |    90 |   170 ||   386
       Punch             |     1 |     3 |       |     2 ||     6
       Great sword       |       |    25 |   246 |   399 ||   670
 Fire: Hunting sling     |     6 |    23 |     9 |       ||    38
 Cast: Blade Hands       |       |       |       |     4 ||     4
Invok: Lesser Servant of |       |       |       |     1 ||     1
Evoke: Wand              |       |       |     3 |     9 ||    12
  Use: Potion            |       |     4 |       |     4 ||     8
       Scroll            |       |       |     9 |     9 ||    18
 Stab: Sleeping          |     8 |     1 |       |     3 ||    12
       Distracted        |       |       |       |     1 ||     1
  Eat: Chunk             |     1 |     8 |    11 |    12 ||    32
       Ration            |       |       |       |     1 ||     1
Armor: Robe              |    23 |    15 |       |     2 ||    40
       Plate armour      |       |   208 |   259 |   107 ||   574
       Ring mail         |       |       |       |   194 ||   194
Dodge: Dodged            |    60 |   109 |   122 |   482 ||   773
       Rpst.: Great sword |       |     2 |    33 |   102 ||   137
